 Dungeon Crawl Stone Soup version 0.31-a0-851-g7ff8af7976 (webtiles) character file.

Game seed: 10271324864915912241

88 BinkBink the Trooper (level 4, -1/36 HPs)
             Began as a Demonspawn Fighter on Oct 6, 2023.
             Engulfed by a steam dragon's steam (10 damage)
             ... on level 3 of the Dungeon.
             The game lasted 00:02:18 (1978 turns).

BinkBink the Trooper (Demonspawn Fighter)           Turns: 1978, Time: 00:02:19

Health: -1/36      AC:  8    Str: 18    XL:     4   Next: 29%
Magic:  4/4        EV:  9    Int: 10    God:
Gold:   137        SH:  4    Dex: 12    Spells: 3/3 levels left

rFire   . . .        a - +0 long sword
rCold   . . .        c - +0 buckler
rNeg    . . .        b - +0 scale mail
rPois   .            (no helmet)
rElec   .            (no cloak)
rCorr   .            j - +0 pair of gloves
SInv    .            (no boots)
Will    .....        (no amulet) Stlth
                     (no ring)
HPRegen 0.26/turn    (no ring)
MPRegen 0.09/turn

%: no passive effects
@: attractive
A: spiny 1
a: no special abilities


You were on level 3 of the Dungeon.
You visited 1 branch of the dungeon, and saw 3 of its levels.

You collected 137 gold pieces.

Inventory:

Hand Weapons
 a - a +0 long sword (weapon)
Armour
 b - a +0 scale mail (worn)
 c - a +0 buckler (worn)
 j - a +0 pair of gloves (worn)
Scrolls
 e - a scroll of silence {unknown}
 f - 5 scrolls of identify {unknown}
 h - 2 scrolls of fear {unknown}
 k - a scroll of vulnerability {unknown}
Potions
 d - a potion of might
 l - a potion of enlightenment {unknown}
 m - a potion of haste {unknown}


   Skills:
 + Level 3.6 Fighting
 + Level 2.5 Long Blades
 + Level 3.3 Armour
 + Level 3.2 Shields


You had 3 spell levels left.
You didn't know any spells.
Your spell library was empty.

Dungeon Overview and Level Annotations

Branches:
Dungeon (3/15)

Altars:
Xom

Annotations:
D:3 3 runed translucent doors, CrazyBamboolord's ghost, weakling VSNe


Innate Abilities, Weirdness & Mutations

You are partially covered in sharp spines.


Message History

A steam dragon comes into view.
Found 4 gold pieces.
The steam dragon hisses angrily.
You closely miss the goblin. The goblin is struck by your spines.
You kill the goblin!
The steam dragon breathes steam at you. The ball of steam misses you.
You hear an angry hiss.
You see here a +0 club.
No target in view!
No target in view!
An orc and a frilled lizard come into view.
You are engulfed in a cloud of scalding steam.
The orc shouts!
The frilled lizard hisses angrily.
The steam dragon completely misses you. You block the steam dragon's attack.
The frilled lizard is struck by your spines.
You kill the frilled lizard!
You barely miss the steam dragon. The steam dragon barely misses you.
The steam dragon claws you. The steam dragon barely misses you.
The steam dragon misses you.
You barely miss the steam dragon. The steam dragon breathes steam at you.
The ball of steam hits you!!
Ouch! That really hurt!
* * * LOW HITPOINT WARNING * * *
The steam dragon breathes steam at you. The ball of steam misses you.
It was a potion of attraction.
You feel attractive to monsters.
It was a potion of heal wounds.
You feel much better. The steam dragon misses you. The steam dragon claws you.
You hit the steam dragon but do no damage.
The steam dragon bites you. The steam dragon closely misses you.
You closely miss the steam dragon. The steam dragon breathes steam at you.
The ball of steam hits you!
* * * LOW HITPOINT WARNING * * *
You hit the steam dragon but do no damage.
You are engulfed in a cloud of scalding steam.
You die...

####...#.#
...........# .#
#.....# ..
.#####.#...#####
#. ##.
#)†...##+.....
#.##.. #†###.#
#...#. #$##§#
#<##..###..#..
#.##§#
#.##.#...#.#.#
#.##@#
#.##...#...#..
#######.##D#
#.#####...####
......oo...# #.#
#.### ######.####
#.# #.# #)# ##.##
#.######
.#####.#####...##
#.##....
.......§.........#
#.##.###
#############....#
#.##.# ##.#.#
#.##.#


You could see a steam dragon (catching breath).

Vanquished Creatures
  3 adders
  2 dart slugs
  An orc (D:3)
  4 ball pythons
  3 endoplasms (D:1)
  2 giant cockroaches
  7 goblins
  4 hobgoblins
  3 jackals (D:1)
  3 quokkas
  3 bats
  5 frilled lizards
  10 kobolds
  5 rats
55 creatures vanquished.

Vanquished Creatures (others)
  An orc (D:3)
1 creature vanquished.

Grand Total: 56 creatures vanquished

Notes
Turn   | Place    | Note
-------+----------+-------------------------------------------
     0 | D:1      | BinkBink the Demonspawn Fighter began the quest for the
                  | Orb.
     0 | D:1      | Reached XP level 1. HP: 18/18 MP: 1/1
   149 | D:1      | Gained mutation: You are partially covered in sharp spines.
                  | [demonic ancestry]
   149 | D:1      | Reached XP level 2. HP: 24/24 MP: 2/2
   209 | D:1      | Found a faded altar of an unknown god.
   592 | D:1      | You fall into a shaft and drop 1 floor!
   620 | D:2      | Found a shimmering altar of Xom.
   725 | D:2      | Reached XP level 3. HP: 29/29 MP: 3/3
  1815 | D:3      | Reached XP level 4. HP: 35/35 MP: 4/4
  1840 | D:3      | Found a runed translucent gate.
  1841 | D:3      | Noticed CrazyBamboolord's ghost (weakling VSNe)
  1843 | D:3      | Found a runed translucent gate.
  1843 | D:3      | Found a runed translucent gate.
  1869 | D:3      | Noticed a kobold brigand
  1964 | D:3      | Noticed a steam dragon
  1970 | D:3      | HP: 1/36 [steam dragon/ball of steam (19)]
  1978 | D:3      | Engulfed by a steam dragon's steam

Illustrated notes

Levels and vault maps discovered:
D:1:      eino_arrival_cavern_e, layout_rooms,
          chequers_ecumenical_altar_simple_redux, serial_forest,
          infiniplex_forest_lined_corner, infiniplex_forest_clump_C,
          infiniplex_forest_lined_1, infiniplex_forest_clump_curved,
          infiniplex_forest_end_2, grunt_decor_mini_mirrors
D:2:      layout_loops_corners, basic_altar
D:3:      layout_loops_ring, gammafunk_ghost_nasty_kobolds,
          minmay_fractal_squares_diagonal_5

Skill      XL: |  1  2 |
---------------+-------+-----
Long Blades    | 2 |  2.5
Armour         | 3 |  3.3
Shields        | 3 |  3.2
Fighting       | |  3.6

Action                     |  1- 3 |  4- 6 || total
---------------------------+-------+-------++-------
  Melee: Long sword        |    94 |    11 ||   105
    Use: Potion            |       |     2 ||     2
 Armour: Scale mail        |    80 |     7 ||    87
  Dodge: Dodged            |    34 |    11 ||    45
  Block: Buckler           |    24 |     3 ||    27

Table legend: (Time is in decaauts)
 A = Elapsed time spent in this place.
 B = Non-inter-level travel time spent in this place.
 C = Inter-level travel time spent in this place.
 D = Time resting spent in this place.
 E = Time spent auto-exploring this place.
 F = Levels seen in this place.
 G = Mean time per level.
                   A        B        C        D        E       F      G
               +--------+--------+--------+--------+--------+-----+--------+
         Total |   2013 |   1894 |    119 |      0 |   1574 |   3 |  671.0 |
       Dungeon |   2013 |   1894 |    119 |      0 |   1574 |   3 |  671.0 |
               +--------+--------+--------+--------+--------+-----+--------+

Top non-repeatable levels by time:
     D:2: 988 daAuts
     D:1: 768 daAuts
     D:3: 257 daAuts
